 Dungeon Crawl Stone Soup version 0.31-a0-354-g827e095 (webtiles) character file.

Game seed: 7058600628124276647

2215 Dawnplanks the Cleaver (level 9, -5/77 HPs)
             Began as a Hill Orc Fighter on July 23, 2023.
             Slain by a troll (7 damage)
             ... on level 6 of the Dungeon.
             The game lasted 00:10:50 (5805 turns).

Dawnplanks the Cleaver (Hill Orc Fighter)           Turns: 5805, Time: 00:10:51

Health: -5/77      AC: 11    Str: 23    XL:     9   Next: 35%
Magic:  9/9        EV:  8    Int:  8    God:
Gold:   316        SH:  4    Dex: 10    Spells: 8/8 levels left

rFire   . . .        a - +0 war axe
rCold   . . .        c - +0 buckler
rNeg    . . .        q - +0 chain mail
rPois   .            (no helmet)
rElec   .            (no cloak)
rCorr   .            (no gloves)
SInv    .            p - +0 pair of boots
Will    .....        (no amulet) Stlth
                     e - ring of flight
HPRegen 0.32/turn    (no ring)
MPRegen 0.11/turn

%: no passive effects
@: flying, studying Armour
A: no striking features
a: no special abilities


You were on level 6 of the Dungeon.
You visited 1 branch of the dungeon, and saw 6 of its levels.

You collected 386 gold pieces.
You spent 70 gold pieces at shops.

Inventory:

Hand Weapons
 a - a +0 war axe (weapon)
 v - a +5 spear
Missiles
 i - 2 silver boomerangs
 r - 3 javelins
Armour
 c - a +0 buckler (worn)
 p - a +0 pair of boots (worn)
 q - a +0 chain mail (worn)
Jewellery
 e - a ring of flight (left hand)
Scrolls
 f - 4 scrolls of teleportation {unknown}
 g - a scroll of identify
 h - 4 scrolls of enchant weapon {unknown}
 k - 3 scrolls of amnesia {unknown}
 l - 2 scrolls of fog {unknown}
 m - 2 scrolls of noise
 n - 5 scrolls of enchant armour {unknown}
 s - 2 scrolls of summoning
 t - 2 scrolls of blinking {unknown}
 x - a scroll of revelation {unknown}
 y - 3 scrolls of immolation {unknown}
 z - a scroll of fear {unknown}
 D - a scroll of brand weapon {unknown}
Potions
 b - a potion of brilliance
 d - a potion of might
 j - a potion of resistance
 o - 2 potions of curing
 u - 2 potions of ambrosia
 w - 2 potions of attraction
 A - a potion of magic
 C - a potion of mutation


   Skills:
 + Level 6.3 Fighting
 * Level 12.7 Axes
 + Level 6.3 Armour
 - Level 1.4 Dodging
 + Level 4.8 Shields


You had 8 spell levels left.
You didn't know any spells.
Your spell library was empty.

Dungeon Overview and Level Annotations

Branches:
Dungeon (6/15)
 Temple: D:4-7

Altars:
Trog
Zin
Beogh

Shops:
D:4 ?   D:6 *

Annotations:
D:2 1 runed translucent door, Crazy Yiuf
D:3 3 runed translucent doors, iruleme's ghost, amateur HOFi


Message History

You hit the troll.
The troll is lightly wounded.
The troll bites you! The troll claws you.
The troll claws you but does no damage.
You hit the troll but do no damage.
The troll is lightly wounded.
You block the troll's attack. The troll closely misses you.
The troll claws you but does no damage.
You hit the troll.
The troll is lightly wounded.
The troll bites you. The troll claws you! The troll claws you.
You are too injured to fight recklessly!
You are too injured to fight recklessly!
You are too injured to fight recklessly!
You are too injured to fight recklessly!
You closely miss the troll.
The troll is lightly wounded.
You closely miss the troll.
The troll is lightly wounded.
The troll closely misses you. The troll claws you but does no damage.
You block the troll's attack.
You slash the troll!
The troll is moderately wounded.
The troll barely misses you.
The troll claws you but does no damage. x2
You barely miss the troll.
The troll is moderately wounded.
You block the troll's attack.
The troll claws you but does no damage. x2
You closely miss the troll.
The troll is moderately wounded.
The troll bites you!
* * * LOW HITPOINT WARNING * * *
The troll claws you!
* * * LOW HITPOINT WARNING * * *
The troll claws you but does no damage.
You hit the troll.
The troll is heavily wounded.
The troll closely misses you. The troll claws you!
* * * LOW HITPOINT WARNING * * *
The troll claws you!
You die...

#.......#...#..........
#.[.....#...#..........
#.(.....###'#......#...
#..................#...
#..................#...
##..................#...
....................#...
..#####'#...........#...
. #....@+...........#...
#...T.#...........#...
#.....#...........#...
#.....######......'...
#...... #......#..<
#..(... #......####
####### #......#...
#......'... #......#...


You could see a troll.

Vanquished Creatures
  Pikel (D:4)
  A yak (D:5)
  A sky beast (D:6)
  A black bear (D:6)
  2 ice beasts
  2 centaurs
  3 phantoms
  5 scorpions
  A gnoll bouda (D:4)
  An orc priest (D:3)
  2 hounds (D:4)
  2 jellies (D:6)
  Jessica (D:3)
  2 iguanas (D:5)
  9 gnolls
  12 adders
  A shadow imp (D:5)
  An ufetubus (D:6)
  5 worms
  4 dart slugs
  15 orcs
  7 bats
  10 endoplasms
  3 giant cockroaches
  5 goblins
  2 jackals (D:5)
  4 quokkas
  7 ball pythons
  7 frilled lizards
  6 kobolds
  7 rats
130 creatures vanquished.

Notes
Turn   | Place    | Note
-------+----------+-------------------------------------------
     0 | D:1      | Dawnplanks the Hill Orc Fighter began the quest for the
                  | Orb.
     0 | D:1      | Reached XP level 1. HP: 19/19 MP: 1/1
   106 | D:1      | Reached XP level 2. HP: 26/27 MP: 2/2
   142 | D:1      | Found a faded altar of an unknown god.
   396 | D:1      | Reached skill level 3 in Axes
   470 | D:1      | Reached XP level 3. HP: 29/33 MP: 3/3
   708 | D:1      | You are sucked into a shaft and drop 1 floor!
  1208 | D:2      | Reached XP level 4. HP: 38/40 MP: 4/4
  1270 | D:2      | Reached skill level 4 in Axes
  1711 | D:2      | Found a runed translucent door.
  1712 | D:2      | Noticed Crazy Yiuf
  1828 | D:3      | Found Rics's Assorted Antiques.
  1868 | D:3      | Noticed Jessica
  1879 | D:3      | Killed Jessica
  1889 | D:3      | Reached XP level 5. HP: 37/46 MP: 5/5
  1956 | D:3      | Found a runed translucent gate.
  1956 | D:3      | Found a runed translucent gate.
  1961 | D:3      | Found a runed translucent gate.
  1961 | D:3      | Noticed iruleme's ghost (amateur HOFi)
  2018 | D:3      | Found a roughly hewn altar of Beogh.
  2267 | D:3      | Reached skill level 5 in Axes
  2834 | D:4      | Found Oluf's Magic Scroll Shoppe.
  2899 | D:4      | Identified the +6 dagger "Hill Orc's Peril" {speed, Str+3}
  2929 | D:4      | Bought a scroll of identify for 28 gold pieces
  2929 | D:4      | Bought a scroll of noise for 14 gold pieces
  2929 | D:4      | Bought a scroll of identify for 28 gold pieces
  2941 | D:4      | Noticed a phantom
  2960 | D:4      | Killed a phantom
  2961 | D:4      | Reached skill level 6 in Axes
  2961 | D:4      | Reached XP level 6. HP: 40/53 MP: 6/6
  3258 | D:4      | Reached skill level 7 in Axes
  3285 | D:4      | Noticed Pikel
  3302 | D:4      | Killed Pikel
  3303 | D:4      | Reached skill level 5 in Fighting
  3303 | D:4      | Reached skill level 9 in Axes
  3303 | D:4      | Reached skill level 1 in Dodging
  3303 | D:4      | Reached XP level 7. HP: 32/61 MP: 7/7
  3303 | D:4      | Reached XP level 8. HP: 36/68 MP: 8/8
  3987 | D:5      | Entered Level 5 of the Dungeon
  4046 | D:5      | Reached skill level 10 in Axes
  4046 | D:5      | Reached skill level 5 in Armour
  4231 | D:5      | Noticed a yak
  4241 | D:5      | Killed a yak
  4272 | D:5      | Reached skill level 11 in Axes
  4628 | D:5      | Found a bloodstained altar of Trog.
  5133 | D:5      | Identified a scroll of acquirement
  5134 | D:5      | Acquired a manual of Armour
  5188 | D:6      | Reached XP level 9. HP: 74/75 MP: 9/9
  5196 | D:6      | Reached skill level 12 in Axes
  5232 | D:6      | Found Zin's Purification Station.
  5236 | D:6      | Found a glowing silver altar of Zin.
  5789 | D:6      | Noticed a troll
  5805 | D:6      | HP: 2/77 [troll (11)]
  5805 | D:6      | Slain by a troll

Illustrated notes

Levels and vault maps discovered:
D:1:      lightli_molten_gateway, layout_loops_ring,
          chequers_ecumenical_altar_lobes, grunt_decor_resistance,
          wander_ebering_terrifying_dragon_lair
D:2:      layout_loops_ring, grunt_ministairs_11, uniq_crazy_yiuf_cottage
D:3:      layout_basic, biasface_ghost_orc_armoury, serial_shops, shop,
          minmay_misc_feat_rugged, uniq_jessica
D:4:      mumra_celtic_spiral_tile, layout_gridville, serial_shops, shop,
          uniq_pikel
D:5:      layout_basic, lemuel_tele_altar, roderic_serpentine_path, st_stairs_5,
          chequers_mini_garden, grunt_ministairs_11, nicolae_fountain_basement
D:6:      layout_gridville, zin_purify, chequers_serial_rivers_room_a

Skill      XL: |  1  2  3  4  5  6  7  8  9 |
---------------+----------------------------+-----
Axes           | 3 4 6 9 11 12 | 12.7
Fighting       | 4 5 6 |  6.3
Armour         | 4 5 6 |  6.3
Shields        | 4 |  4.8
Dodging        | 1 |  1.4

Action                     |  1- 3 |  4- 6 |  7- 9 || total
---------------------------+-------+-------+-------++-------
  Melee: War axe           |    91 |   178 |   195 ||   464
  Throw: Throwing net      |       |       |     2 ||     2
    Use: Scroll            |       |     4 |     6 ||    10
   Stab: Held in net/web   |       |       |     1 ||     1
 Armour: Scale mail        |    43 |    25 |       ||    68
         Chain mail        |       |    58 |    86 ||   144
  Dodge: Dodged            |    41 |    85 |    63 ||   189
  Block: Buckler           |    20 |    40 |    39 ||    99

Table legend: (Time is in decaauts)
 A = Elapsed time spent in this place.
 B = Non-inter-level travel time spent in this place.
 C = Inter-level travel time spent in this place.
 D = Time resting spent in this place.
 E = Time spent auto-exploring this place.
 F = Levels seen in this place.
 G = Mean time per level.
                   A        B        C        D        E       F      G
               +--------+--------+--------+--------+--------+-----+--------+
         Total |   5878 |   5626 |    252 |      0 |   4632 |   6 |  979.7 |
       Dungeon |   5878 |   5626 |    252 |      0 |   4632 |   6 |  979.7 |
               +--------+--------+--------+--------+--------+-----+--------+

Top non-repeatable levels by time:
     D:4: 1183 daAuts
     D:5: 1173 daAuts
     D:3: 1084 daAuts
     D:1: 949 daAuts
     D:2: 862 daAuts
     D:6: 624 daAuts
